 Dungeon Crawl Stone Soup version 0.27-a0-385-g3208abaabc (webtiles) character file.

Game seed: 10445122586814172660

15323 jestyr24 the Destroyer (level 12, 0/89 HPs)
             Began as a Pale Draconian Conjurer on Feb 19, 2021.
             Was a High Priest of Sif Muna.
             Killed from afar by a hell hound (15 damage)
             ... with a blast of flame
             ... led by Azrael
             ... on level 13 of the Dungeon.
             The game lasted 02:06:21 (16485 turns).

jestyr24 the Destroyer (Pale Draconian Conjurer)   Turns: 16485, Time: 02:06:21

Health: 0/89       AC: 13    Str:  9    XL:     12   Next: 0%
Magic:  15/25      EV: 17    Int: 28    God:    Sif Muna [*****.]
Gold:   225        SH: 10    Dex: 12    Spells: 13/29 levels left

rFire    . . .     SeeInvis .   x - staff of air
rCold    . . .     Faith    +   q - +0 kite shield
rNeg     . . .     Spirit   .   (armour unavailable)
rPois    .         Reflect  .   (helmet restricted)
rElec    +         Harm     .   h - +1 cloak of Starlight {*Dazzle EV+4 Stlth--}
rCorr    .         Rampage  .   F - +0 pair of gloves
Will     +....                  J - +1 pair of boots {Stlth+}
Stlth    ++........             B - amulet of faith
HPRegen  0.24/turn              l - ring of willpower
MPRegen  0.19/turn              r - +6 ring of intelligence

@: about to teleport
A: breathe steam, unfitting armour, cold-blooded, AC +8
a: Breathe Steam, Renounce Religion, Channel Magic, Forget Spell, Divine
Exegesis


You were on level 13 of the Dungeon.
You worshipped Sif Muna.
Sif Muna was extremely pleased with you.
You visited 2 branches of the dungeon, and saw 14 of its levels.
You also visited: Bailey.

You collected 652 gold pieces.
You spent 427 gold pieces at shops.

Inventory:

Hand Weapons
 b - a +1 dagger of holy wrath
 C - a +2 dagger of venom
Missiles
 v - 72 poisoned darts
 K - 10 throwing nets
Armour
 h - the +1 cloak of Starlight (worn) {*Dazzle EV+4 Stlth--}
   (You bought it in a shop on level 10 of the Dungeon)

   It affects your evasion (+4).
   It makes you much less stealthy.
 q - a +0 kite shield (worn)
 F - a +0 pair of gloves (worn)
 H - a scarf of resistance
 J - a +1 pair of boots of stealth (worn)
Magical Staves
 x - a staff of air (weapon)
 M - a staff of fire
 Q - a staff of poison
Jewellery
 e - an amulet of magic regeneration
 l - a ring of willpower (left hand)
 r - a +6 ring of intelligence (right hand)
 s - a ring of protection from fire
 y - an amulet of reflection
 B - an amulet of faith (around neck)
 P - a ring of resist corrosion {unknown}
Wands
 g - a wand of paralysis (14)
 i - a wand of iceblast (3)
 k - a wand of acid (13)
 n - a wand of mindburst (15)
 t - a wand of flame (24)
 A - a wand of digging (7)
 L - a wand of polymorph (10)
Scrolls
 c - 3 scrolls of teleportation
 d - 13 scrolls of identify
 m - 3 scrolls of enchant weapon
 p - 2 scrolls of immolation
 u - 2 scrolls of magic mapping
 w - 2 scrolls of blinking
 z - 4 scrolls of fear
Potions
 a - a potion of mutation {unknown}
 f - 5 potions of curing
 j - 2 potions of berserk rage
 o - 2 potions of heal wounds {unknown}
 D - a potion of haste {unknown}
 G - 3 potions of cancellation
 I - a potion of magic
 N - a potion of resistance
 O - a potion of brilliance {unknown}
 R - a potion of invisibility
Miscellaneous
 E - a lightning rod (4/4)
 S - a box of beasts


   Skills:
 * Level 3.4 Fighting
 - Level 1.8 Short Blades
 + Level 3.1 Staves
 + Level 6.4 Dodging
 - Level 5.4 Stealth
 * Level 7.7 Shields
 + Level 9.1 Spellcasting
 + Level 10.0 Conjurations
 + Level 1.7 Hexes
 * Level 5.5 Air Magic
 * Level 4.7 Invocations


You had 13 spell levels left.
You knew the following spells:

 Your Spells              Type           Power        Failure   Level
a - Magic Dart            Conj           100%         1%          1
b - Searing Ray           Conj           100%         1%          2
c - Fulminant Prism       Conj/Hex       22%          10%         4
d - Shock                 Conj/Air       100%         1%          1
e - Static Discharge      Conj/Air       71%          1%          3
f - Lightning Bolt        Conj/Air       35%          13%         5

Your spell library contained the following spells:

 Spells                   Type           Power        Failure   Level
 Swiftness                Air            60%          1%          2
 Dazzling Flash           Conj/Hex       90%          3%          3
 Mephitic Cloud           Conj/Pois/Air  58%          4%          3
 Iskenderun's Battlesphe  Conj           62%          4%          5
 Poisonous Vapours        Pois/Air       84%          5%          2
 Sting                    Tmut/Pois      48%          11%         1
 Airstrike                Air            30%          12%         4
 Iskenderun's Mystic Bla  Conj/Tloc      40%          14%         4
 Tukima's Dance           Hex            22%          16%         3
 Inner Flame              Hex/Fire       17%          22%         3
 Portal Projectile        Hex/Tloc       34%          22%         3
 Ignite Poison            Fire/Tmut/Pois 12%          32%         3
 Irradiate                Conj/Tmut      20%          36%         5
 Cause Fear               Hex            11%          47%         4
 Silence                  Hex/Air        24%          56%         5
 Bolt of Magma            Conj/Fire/Erth 15%          61%         5
 Olgreb's Toxic Radiance  Pois           12%          73%         4
 Orb of Destruction       Conj           31%          83%         7
 Yara's Violent Unravell  Hex/Tmut       8%           91%         5
 Iron Shot                Conj/Erth      20%          91%         6
 Blade Hands              Tmut           6%           97%         5
 Hydra Form               Tmut           6%           100%        6
 Spellforged Servitor     Conj/Summ      20%          100%        7
 Discord                  Hex            11%          100%        8


Dungeon Overview and Level Annotations

Branches:
Dungeon (13/15)            Temple (1/1) D:6            Lair (0/6) D:10
    Orc (0/2) D:9          Bailey (visited)
 Vaults: D:13-14

Altars:
Ashenzari
Cheibriados
Dithmenos
Elyvilon
Fedhas
Gozag
Hepliaklqana
Kikubaaqudgha
Makhleb
Nemelex Xobeh
Okawaru
Qazlal
Ru
Sif Muna
Trog
Uskayaw
Vehumet
Wu Jian
Xom
Yredelemnul
Zin
The Shining One
Beogh

Shops:
D:7 (   D:8 (   D:10 [   D:11 *

Annotations:
D:13 Azrael


Innate Abilities, Weirdness & Mutations

You can breathe blasts of scalding, opaque steam.
Your pale cyan-grey scales are hard. (AC +8)
You cannot fit into any form of body armour.
You are cold-blooded and may be slowed by cold attacks.


Message History

You feel a surge of power!
You hear a mighty clap of thunder!
The bolt of lightning hits the slime creature!!!
The slime creature is almost dead.
You hear a bark!
Your fulminant prism explodes!
The blast of energy engulfs the slime creature!!
You kill the slime creature!
Sif Muna accepts your kill.
You have reached level 12!
Your experience leads to an increase in your attributes!
Your base attributes are Str 9, Int 21, Dex 11.
Increase (S)trength, (I)ntelligence, or (D)exterity?
You feel clever.
You feel agile.
Your scales feel tougher.
A slime creature comes into view.
Two slime creatures merge to form a large slime creature.
There is an open door here.
Your magical contamination has completely faded away.
Azrael the Boundless Flame comes into view.
He is wielding a +0 scimitar of flaming.
Azrael gestures at you.
The sphere of damnation explodes!
The damnation engulfs you!!
You hear a bark!
Azrael gestures at you.
The sphere of damnation explodes!
The damnation engulfs you!!
A fire elemental comes into view.
There is an open door here.
A hell hound and a fire elemental come into view.
The hell hound barks!
The hell hound moves out of view.
The hell hound breathes flames at you. The blast of flame hits you!
There is an open door here.
The hell hound breathes flames at you. The blast of flame hits you!
* * * LOW HITPOINT WARNING * * *
As you read the scroll of teleportation, it crumbles to dust.
You feel strangely unstable. The hell hound breathes flames at you.
The blast of flame hits you!
You die...

.#....#..#..#...........#.....#
.#....#'#####...........#..####
##....#.....#..#...........#..#
......'.....#..#...........'..#
.....<#..####+###########..#..#
......#..#..#..#........#'##..#
.##'###..#..#..'...........#..#
##....####..####..#######..#..#
.#....#........#@.#..#.....#..#
.#....#........#h.#..'..####..#
......#.....####'##..#..#.....#
.........#..#...E.#######.....#
'######..#..#...☼.......#.....#
.(#...#..#..#..E........'.....#
..#...#..#..#..#..####..#..####
..#...#######.☼#R.......#..'..#
###...#.....#○°#☼.......####..#


You could see Azrael, 2 fire elementals and a hell hound (catching breath).

Vanquished Creatures
  Harold (D:8)
  A boulder beetle (D:11)
  A two-headed ogre (D:10)
  An ugly thing (D:12)
  2 deep elf pyromancers (D:12)
  A manticore (D:12)
  A gargoyle (D:12)
  A komodo dragon (D:10)
  A troll (D:12)
  3 slime creatures (D:13)
  17 yaks
  A steam dragon (D:10)
  Grum (D:8)
  Menkaure (D:5)
  A soldier ant (D:13)
  3 water moccasins
  A black bear (D:12)
  6 orc warriors
  3 ice beasts (D:8)
  2 necrophages
  2 ogres (D:4)
  A sky beast (D:10)
  3 centaurs
  3 wolves (D:8)
  4 bullfrogs
  8 gnoll sergeants (Bailey)
  7 scorpions
  8 killer bees (D:8)
  2 water moccasin skeletons
  17 wights
  A howler monkey (D:8)
  3 bullfrog zombies
  A quasit (D:8)
  A jelly (D:10)
  4 centaur skeletons
  3 bullfrog skeletons
  7 gnoll shamans
  7 orc priests
  9 hounds
  Jessica (D:11)
  Terence (D:3)
  2 iguanas
  12 worker ants
  17 orc wizards
  2 hound zombies
  21 gnolls
  18 adders
  3 shadow imps
  A white imp (D:7)
  An adder skeleton (D:7)
  4 worms
  2 dart slugs
  4 leopard geckos
  40 orcs
  9 giant cockroaches
  7 goblins
  5 hobgoblins
  7 jackals
  5 quokkas
  2 ball pythons
  9 bats
  5 frilled lizards
  A giant cockroach zombie (D:5)
  A jackal skeleton (D:4)
  10 kobolds
  2 quokka zombies
  8 rats
340 creatures vanquished.

Vanquished Creatures (others)
  An orc wizard (D:6)
  25 fulminant prisms
  3 plants (D:10)
29 creatures vanquished.

Grand Total: 369 creatures vanquished

Notes
Turn   | Place    | Note
-------+----------+-------------------------------------------
     0 | D:1      | jestyr24 the Draconian Conjurer began the quest for the
                  | Orb.
     0 | D:1      | Reached XP level 1. HP: 14/14 MP: 3/3
   304 | D:1      | Reached XP level 2. HP: 20/20 MP: 5/5
   590 | D:1      | Learned a level 2 spell: Searing Ray
   882 | D:2      | Reached XP level 3. HP: 26/26 MP: 3/6
  1276 | D:2      | Reached skill level 5 in Conjurations
  1278 | D:2      | Reached XP level 4. HP: 33/33 MP: 2/7
  1760 | D:3      | Reached skill level 1 in Short Blades
  1769 | D:3      | Noticed Terence
  1795 | D:3      | Killed Terence
  1796 | D:3      | Reached XP level 5. HP: 31/39 MP: 1/9
  2577 | D:4      | Noticed an ogre
  2582 | D:4      | Killed an ogre
  2583 | D:4      | Reached XP level 6. HP: 46/46 MP: 5/11
  2682 | D:4      | Reached skill level 1 in Shields
  2690 | D:4      | Reached skill level 1 in Fighting
  2842 | D:5      | Entered Level 5 of the Dungeon
  3136 | D:5      | Noticed Menkaure
  3142 | D:5      | Killed Menkaure
  3143 | D:5      | Your scales start taking on a pale cyan-grey colour.
  3143 | D:5      | Reached XP level 7. HP: 52/52 MP: 7/12
  3347 | D:5      | Found a glowing golden altar of the Shining One.
  3613 | D:6      | Reached skill level 6 in Conjurations
  3938 | D:6      | Found a staircase to the Ecumenical Temple.
  3999 | D:6      | Reached XP level 8. HP: 52/59 MP: 10/15
  4011 | Temple   | Entered the Ecumenical Temple
  4108 | Temple   | Became a worshipper of Sif Muna the Loreminder
  4224 | D:6      | Reached skill level 7 in Conjurations
  4230 | D:6      | Reached skill level 5 in Spellcasting
  4485 | D:6      | Reached skill level 1 in Staves
  4862 | D:7      | Reached * piety under Sif Muna
  5448 | D:7      | Found Caanenas's Weapon Emporium.
  5988 | D:8      | Reached XP level 9. HP: 58/65 MP: 12/17
  6154 | D:8      | Reached ** piety under Sif Muna
  6451 | D:8      | Noticed Harold
  6470 | D:8      | Killed Harold
  6471 | D:8      | Reached skill level 5 in Shields
  6471 | D:8      | Reached skill level 8 in Conjurations
  6484 | D:8      | Learned a level 4 spell: Fulminant Prism
  6835 | D:8      | Found Wayjiega's Antique Weapon Shop.
  6915 | D:8      | Noticed Grum
  6924 | D:8      | Killed Grum
  6926 | D:8      | Reached skill level 5 in Dodging
  7080 | D:8      | Reached XP level 10. HP: 77/77 MP: 11/19
  7590 | D:9      | Reached skill level 5 in Stealth
  7742 | D:9      | Found a staircase to the Orcish Mines.
  7749 | D:9      | Learned a level 1 spell: Shock
  7959 | D:9      | Reached *** piety under Sif Muna
  7965 | D:9      | Found a roughly hewn altar of Beogh.
  8483 | D:9      | Learned a level 3 spell: Static Discharge
  8820 | D:10     | Entered Level 10 of the Dungeon
  8832 | D:10     | Got a smouldering arbalest
  8838 | D:10     | Identified the +5 arbalest "Kexagir" {freeze, Int+5 SInv}
                  | (You found it on level 10 of the Dungeon)
  8961 | D:10     | Noticed a two-headed ogre
  8967 | D:10     | Killed a two-headed ogre
  8968 | D:10     | Reached skill level 1 in Air Magic
  8968 | D:10     | Reached skill level 1 in Invocations
  9549 | D:10     | Reached **** piety under Sif Muna
  9760 | D:10     | Found Ugga Ecs's Armour Emporium.
  9766 | D:10     | Bought the +1 cloak of Starlight {*Dazzle EV+4 Stlth--} for
                  | 427 gold pieces
  9766 | D:10     | Found the +1 cloak of Starlight {*Dazzle EV+4 Stlth--}
  9785 | D:10     | Found a staircase to the Lair.
 10632 | D:11     | Noticed a boulder beetle
 10762 | D:11     | Reached skill level 9 in Conjurations
 10762 | D:11     | Reached XP level 11. HP: 80/82 MP: 13/22
 11173 | D:11     | Reached ***** piety under Sif Muna
 11318 | D:10     | Identified Sif Muna's Catalogue of Moulding and Execration
                  | (Sif Muna gifted it to you on level 10 of the Dungeon)
 11318 | D:10     | Received a gift from Sif Muna
 11883 | D:11     | Found Qofujov's General Store.
 11923 | D:11     | Learned a level 5 spell: Lightning Bolt
 11936 | D:11     | Killed a boulder beetle
 12483 | D:11     | Noticed Jessica
 12487 | D:11     | Killed Jessica
 12543 | D:11     | Found a shimmering blue altar of Sif Muna.
 12854 | D:12     | Noticed a deep elf pyromancer
 12862 | D:12     | Noticed a deep elf pyromancer
 13016 | D:12     | Killed a deep elf pyromancer
 13190 | D:13     | Found a flagged portal.
 13200 | Bailey   | Entered a bailey
 14254 | D:12     | Reached skill level 1 in Hexes
 14255 | D:12     | Reached skill level 5 in Air Magic
 14949 | D:12     | Killed a deep elf pyromancer
 15317 | D:13     | Found a burning altar of Makhleb.
 15317 | D:13     | Noticed a vampire mage
 15327 | D:13     | Noticed a purple ugly thing
 15482 | D:12     | Killed a purple ugly thing
 15494 | D:12     | Noticed a flayed ghost
 15495 | D:12     | Noticed a flayed ghost
 15698 | D:13     | Found a glowing golden altar of the Shining One.
 16391 | D:13     | Reached skill level 10 in Conjurations
 16459 | D:13     | Reached XP level 12. HP: 89/89 MP: 10/25
 16465 | D:13     | Noticed Azrael
 16485 | D:13     | Killed from afar by a hell hound

Illustrated notes

Levels and vault maps discovered:
D:1:      minmay_arrival_four_houses, layout_rooms
D:2:      layout_basic, minivault_23, minmay_circle_x
D:3:      layout_basic, uniq_terence
D:4:      layout_rooms, serial_glass, glass_columns_b, glass_columns_c,
          chequers_serial_rivers_micro_c
D:5:      wad_pebble_path, layout_basic, nicolae_overflow_crystal_walls,
          uniq_menkaure
D:6:      layout_basic, minmay_temple_entry_glass
D:7:      cheibrodos_helix_gallery, layout_basic, serial_shops, shop_fountains,
          kennysheep_generic_room_4
D:8:      layout_loops_cross, serial_shops,
          nicolae_shop_temple_entry_statues_fountains, uniq_grum, uniq_harold
D:9:      layout_basic, minmay_orc_entry_temple_small, minivault_11
D:10:     layout_long_grid, david_lair_shrubbed, serial_shops,
          nicolae_shop_statue_plus
D:11:     layout_cave_pools, serial_shops, nicolae_shop_stone, tgw_sif
D:12:     layout_loops_ring
D:13:     layout_grid_maze, enter_bailey_2, nzn_life_drinkers, uniq_azrael
Temple:   compressed_dpeg_circular_temple

Skill      XL: |  1  2  3  4  5  6  7  8  9 10 11 |
---------------+----------------------------------+-----
Stealth        | 2 3 4 5 |  5.4
Dodging        | 2 3 5 6 |  6.4
Conjurations   | 5 6 7 8 9 10 | 10.0
Short Blades   | 1 |  1.8
Spellcasting   | 3 4 5 6 7 9 |  9.1
Shields        | 2 3 4 5 6 7 |  7.7
Fighting       | 1 3 |  3.4
Staves         | 1 2 3 |  3.1
Air Magic      | 3 5 |  5.5
Invocations    | 2 4 |  4.7
Hexes          | 1 |  1.7

Action                   |  1- 3 |  4- 6 |  7- 9 | 10-12 || total
-------------------------+-------+-------+-------+-------++-------
Melee: Dagger            |    34 |    62 |       |       ||    96
       Tailslap          |     5 |     2 |     3 |     3 ||    13
       Staff             |       |       |    36 |    11 ||    47
 Cast: Magic Dart        |    31 |    31 |    17 |    39 ||   118
       Searing Ray       |     7 |    41 |    65 |   113 ||   226
       Static Discharge  |       |       |       |    24 ||    24
       Shock             |       |       |       |    24 ||    24
       Fulminant Prism   |       |       |       |    25 ||    25
       Lightning Bolt    |       |       |       |    37 ||    37
 Abil: Breathe Steam     |       |       |       |     1 ||     1
  Use: Scroll            |       |       |     7 |     6 ||    13
       Potion            |       |       |       |     9 ||     9
 Stab: Sleeping          |     3 |     1 |     1 |       ||     5
Armor: Skin              |    16 |    25 |    31 |    35 ||   107
Dodge: Dodged            |    37 |    67 |    75 |   120 ||   299
Block: Kite shield       |       |       |     7 |     9 ||    16

Table legend: (Time is in decaauts)
 A = Elapsed time spent in this place.
 B = Non-inter-level travel time spent in this place.
 C = Inter-level travel time spent in this place.
 D = Time resting spent in this place.
 E = Time spent auto-exploring this place.
 F = Levels seen in this place.
 G = Mean time per level.
                   A        B        C        D        E       F      G
               +--------+--------+--------+--------+--------+-----+--------+
         Total |  16502 |  16143 |    359 |   4861 |   6739 |  15 | 1100.1 |
       Dungeon |  15406 |  15047 |    359 |   4278 |   6689 |  13 | 1185.1 |
        Temple |    117 |    117 |      0 |      0 |     50 |   1 |  117.0 |
        Bailey |    978 |    978 |      0 |    583 |      0 |   1 |  978.0 |
               +--------+--------+--------+--------+--------+-----+--------+

Top non-repeatable levels by time:
    D:10: 2516 daAuts
     D:8: 1763 daAuts
    D:12: 1713 daAuts
     D:9: 1518 daAuts
    D:11: 1324 daAuts
     D:6: 1041 daAuts
  Bailey: 978 daAuts
     D:7: 968 daAuts
    D:13: 958 daAuts
     D:3: 822 daAuts
     D:2: 807 daAuts
     D:1: 792 daAuts
     D:5: 763 daAuts
     D:4: 414 daAuts
  Temple: 117 daAuts
